 Dungeon Crawl Stone Soup version 0.28-a0-1524-ge72afd5fc6 (webtiles) character file.

Game seed: 10760681252960063731

37 Demosthentine the Shooter (level 3, -2/22 HPs)
             Began as a Tengu Hunter on Jan 17, 2022.
             Slain by a goblin (23 damage)
             ... on level 2 of the Dungeon.
             The game lasted 00:01:17 (892 turns).

Demosthentine the Shooter (Tengu Hunter)             Turns: 892, Time: 00:01:17

Health: -2/22      AC:  4    Str: 12    XL:     3   Next: 41%
Magic:  4/4        EV: 12    Int: 11    God:
Gold:   12         SH:  0    Dex: 16    Spells: 2/2 levels left

rFire   . . .      SeeInvis .   a - +1 shortbow
rCold   . . .      Faith    .   (shield currently unavailable)
rNeg    . . .      Spirit   .   c - +1 leather armour
rPois   .          Reflect  .   (helmet restricted)
rElec   .          Harm     .   (no cloak)
rCorr   .          Rampage  .   (no gloves)
Will    .....                   (boots unavailable)
Stlth   ++........              (no amulet)
HPRegen 0.07/turn               (no ring)
MPRegen 0.09/turn               (no ring)

@: no status effects
A: beak, talons 3
a: no special abilities


You were on level 2 of the Dungeon.
You visited 1 branch of the dungeon, and saw 2 of its levels.

You collected 12 gold pieces.

Inventory:

Hand Weapons
 a - a +1 shortbow (weapon)
 f - a +3 spear
Missiles
 d - 11 arrows (quivered ammo)
Armour
 c - a +1 leather armour (worn)
Scrolls
 e - 2 scrolls of enchant armour
Potions
 b - a potion of heal wounds {unknown}


   Skills:
 + Level 2.4 Fighting
 - Level 0.8 Polearms
 + Level 4.6 Bows
 + Level 1.3 Armour
 + Level 2.8 Dodging
 - Level 1.0 Stealth


You had 2 spell levels left.
You didn't know any spells.
Your spell library contained the following spells:

 Spells                   Type           Power      Damage    Failure   Level
 Animate Skeleton         Necr           0%         N/A       41%         1
 Apportation              Tloc           0%         N/A       41%         1
 Summon Small Mammal      Summ           0%         N/A       41%         1


Dungeon Overview and Level Annotations

Branches:
Dungeon (2/15)

Altars:


Innate Abilities, Weirdness & Mutations

You have a beak for a mouth.
You have claws for feet.


Message History

There is an open translucent door here.
Things that are here:
a rat skeleton; a jackal skeleton Done exploring.
Done exploring.
Done exploring.
As you read the scroll labelled MONKILL BINK, it crumbles to dust.
It is a scroll of enchant armour.
Your +0 leather armour glows green for a moment.
a - a +1 shortbow (weapon)
(D) Dungeon
Where to? (? - help)
What level of the Dungeon? (default 1, ? - help)
There is a stone staircase leading down here.
You climb downwards.
Found 7 gold pieces and 17 stones.
There is a stone staircase leading up here.
There are monsters nearby!
You shoot an arrow. The arrow hits the ball python!
You kill the ball python!
You shoot an arrow.
The arrow hits the hobgoblin but does no damage.
An adder comes into view.
You shoot an arrow. The arrow closely misses the hobgoblin.
You shoot an arrow.
The arrow hits the hobgoblin but does no damage.
The hobgoblin barely misses you.
You shoot an arrow. The arrow hits the hobgoblin!
You kill the hobgoblin!
You shoot an arrow. The arrow hits the worm.
The worm is lightly wounded.
You shoot an arrow. The arrow hits the worm!
The worm is heavily wounded.
The adder barely misses you. The worm bites you. The goblin closely misses you.
You shoot an arrow. The arrow hits the worm.
The worm is heavily wounded.
The adder barely misses you. The goblin hits you but does no damage.
Space warps horribly around you!!
Ouch! That really hurt!
You die...

. # .. .# ...##
.#
...####.#####
#..#......(#
..###.g.......#
$......@(.(..(#
.......wS(....#
#####.......###
#......##
........#
.#.......#
##.........
#..........


You could see a worm, an adder and a goblin.

Vanquished Creatures
  A worm (D:1)
  2 ball pythons
  2 bats (D:1)
  8 endoplasms (D:1)
  4 giant cockroaches (D:1)
  2 hobgoblins
  3 jackals (D:1)
  A quokka (D:1)
  A frilled lizard (D:1)
  A kobold (D:1)
  4 rats (D:1)
29 creatures vanquished.

Notes
Turn   | Place    | Note
-------+----------+-------------------------------------------
     0 | D:1      | Demosthentine the Tengu Hunter began the quest for the Orb.
     0 | D:1      | Reached XP level 1. HP: 12/12 MP: 2/2
     1 | D:1      | Found a runed translucent door.
    54 | D:1      | Reached XP level 2. HP: 17/17 MP: 3/3
   440 | D:1      | Reached skill level 1 in Armour
   631 | D:1      | Reached XP level 3. HP: 19/22 MP: 4/4
   892 | D:2      | Slain by a goblin

Illustrated notes

Levels and vault maps discovered:
D:1:      dpeg_arrival_caged_fury, layout_basic
D:2:      layout_rooms, basic_altar, minmay_misc_feat_diagonals,
          minmay_lizard_pond

Skill      XL: |  1  2 |
---------------+-------+-----
Armour         | 1 |  1.3
Fighting       | |  2.4
Polearms       | |  0.8
Bows           | |  4.6
Dodging        | |  2.8
Stealth        | |  1.0

Action                   || total
-------------------------++-------
Melee: Spear             ||    44
       Kick              ||     5
       Peck              ||     1
 Fire: Shortbow          ||    32
  Use: Scroll            ||     1
Armor: Leather armour    ||    12
Dodge: Dodged            ||    23

Table legend: (Time is in decaauts)
 A = Elapsed time spent in this place.
 B = Non-inter-level travel time spent in this place.
 C = Inter-level travel time spent in this place.
 D = Time resting spent in this place.
 E = Time spent auto-exploring this place.
 F = Levels seen in this place.
 G = Mean time per level.
                   A        B        C        D        E       F      G
               +--------+--------+--------+--------+--------+-----+--------+
         Total |    896 |    891 |      5 |    195 |    551 |   2 |  448.0 |
       Dungeon |    896 |    891 |      5 |    195 |    551 |   2 |  448.0 |
               +--------+--------+--------+--------+--------+-----+--------+

Top non-repeatable levels by time:
     D:1: 888 daAuts
     D:2: 8 daAuts
